Map: Gold Megaton

Players

eZCapeEvil

  • Race: Terran Terran
  • Spawn Location: 0:00

Michael

  • Race: Terran Terran
  • Spawn Location: 11:00

Taka

  • Race: Protoss Protoss
  • Spawn Location: 12:00

Upyours

  • Race: Protoss Protoss
  • Spawn Location: 0:00

maike

  • Race: Protoss Protoss
  • League: Gold
  • Spawn Location: 5:00

NESCAFE

  • Race: Protoss Protoss
  • Spawn Location: 5:00

Pepper

  • Race: Terran Terran
  • League: Diamond
  • Spawn Location: 6:00

Cosmostwo

  • Race: Protoss Protoss
  • Spawn Location: 5:00

VOD

Have the link to the VOD?

Description

Time

  • Played on: Dec. 24, 2017, 5:05 a.m.
  • Length: 10:03
Show
View Real Time Build Order
Export as new Build Order

eZCapeEvil Terran 

Build Orders:  

Get SALT Encoding   

  12  0:01  SCV  
  13  0:13  SCV  
  14  0:18  Supply Depot  
  14  0:25  SCV  
  15  0:33  Refinery  
  15  0:43  Supply Depot, Barracks  
  15  0:47  SCV  
  16  0:55  Barracks  
  16  0:59  SCV  
  17  1:06  Supply Depot  
  17  1:11  SCV  
  18  1:14  Refinery  
  18  1:23  SCV  
  19  1:30  Barracks Reactor, Supply Depot  
  19  1:52  Command Center  
  19  1:54  SCV  
  20  2:01  Barracks Tech Lab  
  20  2:07  SCV  
  21  2:17  Marine x2  
  21  2:19  SCV  
  24  2:28  Supply Depot  
  24  2:32  Orbital Command  
  24  2:35  Marine  
  25  2:39  Factory  
  25  2:44  Engineering Bay  
  25  2:59  Marine x3  
  28  3:10  SCV  
  29  3:16  Terran Infantry Weapons Level 1  
  29  3:17  Marine x3  
  32  3:22  SCV  
  32  3:26  Orbital Command  
  33  3:34  Marine x2, SCV  
  33  3:35  Marine, Factory Tech Lab  
  33  3:39  Factory  
  37  3:42  Starport  
  37  3:47  SCV  
  37  3:48  Barracks  
  38  3:49  Stimpack  
  38  3:50  Barracks  
  38  3:58  SCV  
  38  3:59  SCV  
  40  4:06  Siege Tank  
  43  4:10  Barracks  
  43  4:14  SCV  
  44  4:20  SCV  
  45  4:25  Starport Reactor  
  45  4:26  SCV  
  45  4:30  Factory Tech Lab  
  46  4:32  SCV  
  46  4:38  Siege Tank, SCV, Supply Depot  
  47  4:40  Supply Depot  
  47  4:44  Barracks Reactor, SCV  
  52  4:46  Barracks Tech Lab  
  52  4:50  Siege Tank  
  52  4:51  Marine, SCV  
  52  4:52  Marine x2  
  59  4:56  SCV  
  60  5:00  Engineering Bay  
  60  5:01  Supply Depot  
  60  5:03  SCV  
  60  5:05  Armory  
  60  5:06  Supply Depot  
  60  5:08  SCV  
  60  5:09  Marine x2  
  60  5:10  Marine, Siege Tank  
  58  5:22  Siege Tank  
  58  5:30  SCV  
  58  5:32  SCV  
  60  5:42  SCV  
  61  5:43  Siege Tank, Barracks Reactor  
  61  5:44  SCV  
  61  5:48  Refinery  
  65  5:50  Marauder x2, Refinery  
  65  5:51  Marine x4  
  65  5:54  Siege Tank, SCV  
  65  5:55  Medivac x2  
  81  6:08  Marine  
  81  6:09  Marine  
  80  6:11  Marauder  
  80  6:12  Marauder  
  80  6:15  Siege Tank  
  78  6:20  Marine x4  
  81  6:26  Marine x2  
  81  6:32  Marine x2  
  83  6:36  Medivac x2  
  83  6:38  Marine x4, SCV  
  94  6:44  Marine x2  
  96  6:50  Marine x2, SCV  
  99  6:55  Marine  
  99  6:56  Marine x2  
  102  7:03  Supply Depot  
  102  7:08  Supply Depot  
  102  7:13  Supply Depot  
  102  7:25  Marine x7, SCV  
  102  7:27  Supply Depot  
  110  7:30  Marine, Medivac x2, Siege Tank  
  110  7:31  Siege Tank  
  110  7:33  Supply Depot  
  110  7:36  Supply Depot  
  118  7:37  Concussive Shells, SCV  
  118  7:43  Marine x7  
  126  7:45  Barracks  
  126  7:47  Barracks  
  126  7:48  Marine  
  126  7:49  Terran Infantry Armor Level 1  
  127  8:00  Marine x6, Medivac x2, Supply Depot  
  127  8:01  Marauder  
  127  8:03  Siege Tank  
  127  8:04  Siege Tank  
  145  8:06  Marine  
  146  8:18  Marine x3  
  147  8:22  Marauder  
Show
View Real Time Build Order
Export as new Build Order

Michael Terran 

Build Orders: MMM Bio 

Get SALT Encoding   

  12  0:03  SCV  
  13  0:16  Supply Depot, SCV  
  14  0:27  Refinery  
  14  0:28  SCV  
  15  0:41  SCV  
  16  0:53  SCV  
  17  1:05  SCV  
  17  1:06  Barracks  
  18  1:12  Refinery  
  18  1:17  SCV  
  19  1:27  Barracks  
  19  1:29  SCV  
  20  1:41  SCV  
  21  1:48  Supply Depot  
  21  1:53  SCV  
  22  1:57  Factory  
  22  1:58  Barracks Reactor  
  22  2:11  SCV, Factory  
  22  2:15  Supply Depot  
  23  2:16  Barracks Tech Lab  
  23  2:23  SCV  
  23  2:24  Factory  
  24  2:36  SCV  
  25  2:40  Supply Depot  
  25  2:41  Combat Shields  
  25  2:47  Factory Tech Lab  
  25  2:48  SCV  
  26  2:54  Engineering Bay  
  26  2:55  Factory Reactor  
  26  3:00  Orbital Command  
  26  3:08  Factory Tech Lab  
  26  3:11  Cyclone  
  29  3:15  Starport  
  29  3:19  Supply Depot  
  29  3:24  Armory  
  29  3:36  Cyclone x3  
  29  3:38  Marine x2  
  29  3:39  Marine  
  41  3:42  Terran Infantry Weapons Level 1  
  41  3:43  Cyclone  
  41  3:46  Supply Depot  
  44  3:54  Starport Reactor  
  44  3:56  Marine  
  45  4:08  Marine x2  
  47  4:14  Marine, Cyclone  
  47  4:16  Thor  
  57  4:49  Command Center  
  57  5:15  SCV  
  57  5:20  Supply Depot, Viking  
  57  5:21  Command Center, Viking  
  62  5:27  SCV  
  63  5:41  Thor, SCV  
  63  5:42  Supply Depot  
  70  5:45  Supply Depot  
  70  5:49  Missile Turret  
  70  5:52  Missile Turret  
  70  5:53  SCV  
  71  6:00  Viking x2  
  70  6:06  SCV  
  70  6:08  Supply Depot  
  68  6:16  Thor  
  68  6:17  Cyclone x2  
  80  6:24  Cyclone  
  83  6:30  Viking  
  83  6:32  Planetary Fortress  
  85  6:36  Refinery  
  85  6:49  Marine x3, Cyclone  
  91  6:54  Stimpack  
  91  7:03  Viking x2  
  91  7:07  Marine x3  
  98  7:11  SCV  
  98  7:14  Supply Depot  
  99  7:16  Supply Depot  
  99  7:19  Planetary Fortress  
  99  7:22  Missile Turret  
  99  7:23  SCV  
  99  7:25  Marine x3  
  94  7:35  SCV  
  95  7:42  Marine x2  
  92  7:47  SCV  
  92  7:48  Marauder  
  94  7:55  SCV  
  95  7:59  SCV  
  96  8:07  SCV  
  96  8:09  Marauder  
  99  8:13  Refinery  
  99  8:15  SCV  
  99  8:19  SCV  
  93  8:27  SCV  
  93  8:30  Marauder  
  93  8:31  Marine x2, SCV  
  92  8:39  SCV  
  84  8:43  SCV  
  84  8:46  Liberator  
  70  8:48  Marine x2  
  70  8:51  Thor  
  70  8:52  Thor, Marauder, SCV  
  82  8:57  Cyclone x2  
  76  9:04  SCV  
  76  9:06  Marine x2  
  82  9:13  Marauder  
  82  9:14  SCV  
  82  9:16  SCV  
  86  9:27  SCV  
  86  9:28  SCV  
  86  9:29  Cyclone  
  91  9:34  Marauder  
  99  9:39  SCV  
  99  9:40  SCV  
  109  9:54  Starport  
  109  9:58  Fusion Core  
Show
View Real Time Build Order
Export as new Build Order

Taka Protoss 

Build Orders: Nexus First 

Get SALT Encoding   

  12  0:02  Probe  
  13  0:14  Probe  
  13  0:15  Pylon  
  14  0:26  Probe (Chrono Boost)  
  15  0:38  Probe (Chrono Boost)  
  16  0:43  Probe (Chrono Boost)  
  16  0:47  Nexus  
  17  0:52  Probe  
  18  0:59  Assimilator  
  18  1:04  Probe  
  18  1:07  Gateway  
  18  1:10  Pylon  
  19  1:19  Assimilator  
  19  1:21  Assimilator  
  19  1:27  Probe  
  20  1:39  Probe, Forge  
  21  1:40  Pylon  
  21  1:43  Pylon  
  21  1:51  Probe  
  22  2:00  Probe  
  23  2:03  Probe  
  24  2:12  Probe  
  24  2:13  Zealot (Chrono Boost)  
  24  2:15  Probe  
  28  2:25  Probe  
  29  2:34  Zealot (Chrono Boost)  
  29  2:37  Probe  
  32  2:49  Probe  
  33  2:57  Zealot (Chrono Boost)  
  35  3:01  Probe  
  27  3:13  Probe  
  26  3:21  Zealot (Chrono Boost)  
  28  3:25  Probe  
  28  3:37  Probe  
  28  3:41  Zealot  
  25  4:08  Zealot  
  25  4:35  Zealot  
Show
View Real Time Build Order
Export as new Build Order

Upyours Protoss 

Build Orders: Cannon Rush 

Get SALT Encoding   

  12  0:02  Probe (Chrono Boost)  
  13  0:13  Probe (Chrono Boost)  
  14  0:16  Pylon  
  14  0:18  Probe (Chrono Boost)  
  15  0:28  Assimilator  
  15  0:34  Assimilator, Probe  
  16  0:42  Pylon  
  16  0:47  Probe  
  17  0:54  Gateway  
  17  0:57  Forge  
  17  0:59  Probe  
  18  1:18  Probe (Chrono Boost)  
  19  1:28  Probe (Chrono Boost)  
  19  1:32  Photon Cannon  
  20  1:39  Photon Cannon  
  20  1:42  Probe  
  20  1:45  Photon Cannon  
  21  1:55  Probe, Cybernetics Core  
  22  2:07  Probe  
  23  2:10  Pylon  
  23  2:16  Zealot  
  23  2:22  Pylon  
  25  2:27  Pylon  
  25  2:36  Photon Cannon  
  25  2:44  Zealot  
  27  2:48  Stargate  
  27  2:53  Probe  
  27  2:57  Photon Cannon  
  28  3:01  Pylon  
  28  3:11  Zealot  
  30  3:14  Protoss Ground Weapons Level 1, Gateway  
  30  3:18  Photon Cannon  
  30  3:43  Gateway  
  30  3:55  Pylon  
  30  4:03  Fleet Beacon  
  30  4:04  Probe  
  31  4:12  Zealot  
  33  4:20  Pylon  
  33  4:21  Pylon  
  33  4:27  Probe (Chrono Boost), Photon Cannon  
  34  4:34  Zealot  
  34  4:37  Probe (Chrono Boost)  
  37  4:39  Zealot  
  37  4:41  Twilight Council  
  39  4:47  Cybernetics Core  
  41  4:52  Zealot  
  41  4:57  Pylon  
  41  5:00  Carrier  
  41  5:01  Zealot  
  41  5:02  Graviton Catapult  
  41  5:05  Mothership (Chrono Boost)  
  41  5:06  Zealot, Stargate  
  59  5:20  Zealot  
  61  5:28  Charge  
  61  5:36  Zealot  
  61  5:39  Zealot  
  61  5:42  Protoss Air Weapons Level 1  
  65  5:43  Protoss Air Armor Level 1  
  65  5:44  Protoss Ground Weapons Level 2  
  65  5:47  Zealot  
  65  5:49  Forge  
  67  5:50  Carrier  
  73  6:00  Photon Cannon  
  73  6:04  Zealot  
  73  6:06  Zealot  
  77  6:14  Zealot  
  63  6:52  Probe  
  62  7:04  Probe  
  63  7:15  Zealot  
  59  7:42  Zealot  
  49  8:00  Zealot  
  49  8:01  Zealot  
  43  8:10  Zealot  
  45  8:13  Photon Cannon  
  45  8:14  Carrier  
  45  8:16  Carrier  
  65  8:25  Photon Cannon  
  65  8:27  Zealot  
  65  8:28  Zealot  
  65  8:30  Pylon  
  69  8:37  Zealot  
  71  8:41  Pylon  
  71  8:42  Pylon  
  71  8:54  Zealot  
  73  8:56  Zealot  
  75  9:04  Zealot  
  77  9:10  Robotics Facility  
  77  9:21  Zealot, Gateway  
  77  9:23  Zealot  
  81  9:24  Photon Cannon  
  81  9:31  Zealot  
  83  9:32  Photon Cannon  
  83  9:42  Photon Cannon  
  83  9:45  Photon Cannon  
Show
View Real Time Build Order
Export as new Build Order

maike Protoss 

Build Orders: Blink Stalkers 

Get SALT Encoding   

  12  0:16  Pylon  
  12  0:22  Probe (Chrono Boost)  
  13  0:31  Probe (Chrono Boost)  
  14  0:43  Gateway  
  14  0:46  Gateway  
  14  0:50  Gateway  
  14  0:56  Pylon  
  14  1:01  Pylon  
  14  1:03  Probe (Chrono Boost)  
  15  1:04  Assimilator  
  15  1:10  Assimilator  
  15  1:19  Pylon  
  15  1:31  Forge  
  15  1:33  Cybernetics Core  
  15  1:38  Probe  
  16  1:50  Probe  
  17  2:02  Probe  
  18  2:10  Warp Gate  
  18  2:14  Probe  
  19  2:17  Robotics Facility  
  19  2:23  Gateway  
  19  2:26  Probe  
  20  2:34  Gateway  
  20  2:38  Probe  
  20  2:40  Gateway  
  21  2:50  Twilight Council  
  21  2:58  Probe (Chrono Boost)  
  22  3:07  Probe (Chrono Boost), Photon Cannon  
  22  3:11  Photon Cannon  
  23  3:18  Pylon  
  23  3:20  Probe (Chrono Boost)  
  24  3:30  Probe (Chrono Boost)  
  24  3:31  Warp Prism  
  26  3:45  Blink  
  26  3:59  Nexus  
  26  4:06  Pylon  
  26  4:30  Protoss Ground Weapons Level 1  
  26  4:43  Stalker x2  
  26  4:44  Stalker  
  32  4:51  Stalker x3  
  32  4:52  Stalker  
  34  4:53  Stalker  
  36  5:02  Stalker  
  38  5:15  Stalker x2  
  38  5:16  Stalker x2  
  38  5:17  Stalker  
  36  5:26  Stalker  
  26  5:45  Probe  
  27  5:50  Photon Cannon  
  27  5:58  Probe  
  27  6:00  Stalker x2  
  27  6:01  Stalker x2  
  27  6:02  Stalker  
  38  6:07  Pylon  
  38  6:10  Probe  
  39  6:15  Photon Cannon  
  39  6:16  Stalker  
  41  6:22  Probe  
  42  6:31  Immortal  
  46  6:34  Probe  
  46  6:39  Pylon  
  45  6:47  Templar Archives  
  45  6:48  Probe  
  45  6:50  Assimilator, Probe  
  47  6:54  Stalker  
  47  7:00  Probe  
  50  7:02  Probe  
  50  7:06  Stalker  
  50  7:07  Stalker  
  55  7:09  Stalker  
  55  7:12  Probe  
  55  7:14  Probe  
  59  7:17  Stalker x2  
  63  7:25  Probe  
  62  7:53  Stalker x2  
  62  7:54  Stalker x2  
  62  7:55  Stalker x2  
  62  7:58  Probe  
  75  8:00  Psionic Storm  
  75  8:05  Assimilator  
  75  8:09  Pylon  
  75  8:10  Probe  
  64  8:22  Probe  
  59  8:41  Warp Prism  
  59  8:45  Stalker  
  59  8:46  Stalker x3  
  59  8:47  Stalker x2  
  61  8:52  Probe  
  54  9:04  Probe  
  55  9:16  Probe  
  56  9:17  Nexus  
  50  9:28  Probe  
  45  9:40  Probe  
  46  9:45  Stalker  
  46  9:46  Stalker x2  
  46  9:47  Stalker x2  
  46  9:48  Stalker  
Show
View Real Time Build Order
Export as new Build Order

NESCAFE Protoss 

Build Orders: Double Forge, Nexus First 

Get SALT Encoding   

  12  0:12  Probe  
  13  0:22  Pylon  
  13  0:24  Probe  
  14  0:31  Pylon  
  14  0:37  Probe  
  15  0:49  Probe  
  16  0:54  Nexus  
  16  1:15  Gateway  
  16  1:20  Assimilator, Probe  
  17  1:32  Probe, Pylon  
  18  1:34  Assimilator  
  18  1:44  Probe  
  19  1:51  Pylon  
  19  1:54  Forge  
  19  1:56  Probe  
  20  2:05  Pylon  
  20  2:07  Pylon  
  20  2:09  Probe  
  20  2:14  Cybernetics Core  
  21  2:21  Probe  
  21  2:22  Probe  
  23  2:29  Photon Cannon  
  23  2:31  Photon Cannon  
  23  2:34  Probe, Photon Cannon  
  24  2:38  Pylon  
  24  2:51  Probe  
  25  2:55  Shield Battery  
  25  3:03  Probe  
  26  3:07  Photon Cannon  
  26  3:15  Probe  
  27  3:24  Photon Cannon  
  27  3:26  Gateway  
  27  3:27  Probe, Gateway  
  27  3:33  Photon Cannon  
  27  3:39  Probe, Warp Gate (Chrono Boost)  
  28  3:47  Protoss Ground Weapons Level 1 (Chrono Boost)  
  28  3:49  Twilight Council  
  28  3:51  Probe  
  28  3:52  Pylon  
  29  3:56  Assimilator  
  29  3:58  Assimilator, Probe  
  30  4:03  Probe  
  31  4:11  Probe  
  31  4:14  Shield Battery, Pylon  
  31  4:15  Pylon  
  31  4:16  Probe  
  33  4:18  Photon Cannon  
  33  4:20  Blink (Chrono Boost)  
  33  4:28  Probe  
  34  4:33  Robotics Facility  
  34  4:36  Gateway  
  34  4:38  Gateway  
  34  4:40  Probe  
  34  4:42  Shield Battery  
  35  4:46  Gateway  
  35  4:49  Shield Battery  
  35  4:50  Pylon  
  35  4:52  Probe, Pylon  
  36  4:56  Forge  
  36  5:02  Gateway  
  36  5:06  Probe  
  37  5:10  Probe  
  38  5:18  Probe  
  38  5:20  Photon Cannon  
  40  5:28  Observer  
  40  5:29  Protoss Shields Level 1 (Chrono Boost)  
  40  5:30  Probe  
  41  5:41  Dark Shrine  
  41  5:47  Pylon  
  41  5:52  Probe, Gateway  
  42  6:04  Probe, Charge (Chrono Boost)  
  42  6:06  Observer  
  44  6:15  Gateway  
  44  6:16  Probe  
  44  6:17  Stalker x2  
  44  6:18  Protoss Ground Weapons Level 2 (Chrono Boost), Stalker x2  
  51  6:19  Stalker x3  
  59  6:27  Observer  
  58  6:50  Stalker x4  
  64  7:04  Stalker x3  
  70  7:13  Stalker x2  
  70  7:14  Stalker x2  
  64  7:44  Stalker x3  
  64  7:45  Stalker  
  64  8:07  Stalker x2  
  64  8:08  Stalker x4, Protoss Ground Armor Level 1 (Chrono Boost)  
  64  8:09  Stalker  
  64  8:12  Probe  
  79  8:24  Probe  
  80  8:34  Photon Cannon  
  80  8:35  Photon Cannon  
  80  8:36  Probe, Photon Cannon  
  80  8:38  Shield Battery  
  80  8:39  Shield Battery  
  80  8:40  Stalker x3  
  80  8:41  Stalker x4  
  93  8:42  Shield Battery  
  93  8:43  Shield Battery  
  93  8:44  Photon Cannon  
  93  8:45  Pylon  
  93  8:47  Pylon  
  95  8:48  Probe  
  96  8:57  Pylon  
  96  9:00  Pylon  
  96  9:02  Stalker x2  
  100  9:04  Stalker x3, Pylon  
  100  9:05  Stalker x3  
  100  9:06  Stalker  
  114  9:16  Immortal  
  118  9:23  Robotics Facility  
  118  9:25  Pylon  
  118  9:27  Pylon  
  118  9:31  Pylon  
  118  9:32  Gateway  
  118  9:35  Stalker x4  
  118  9:36  Stalker  
  118  9:37  Photon Cannon, Pylon  
  128  9:40  Pylon  
  128  9:55  Stalker x4  
  128  9:58  Pylon  
Show
View Real Time Build Order
Export as new Build Order

Pepper Terran 

Build Orders: Bio Tank 

Get SALT Encoding   

  12  0:02  SCV  
  13  0:13  Supply Depot  
  13  0:14  SCV  
  13  0:20  Refinery  
  14  0:26  SCV  
  15  0:37  Barracks  
  15  0:39  SCV  
  16  0:51  SCV  
  17  1:03  SCV  
  18  1:15  SCV  
  19  1:19  Command Center  
  19  1:27  Barracks Tech Lab, Factory  
  19  1:29  SCV  
  20  1:32  Refinery  
  20  1:41  Engineering Bay  
  20  1:42  SCV  
  21  1:53  Reaper  
  22  1:54  SCV  
  23  2:01  Supply Depot  
  23  2:07  Orbital Command  
  23  2:33  Planetary Fortress  
  23  2:42  SCV  
  24  2:53  Command Center  
  24  2:55  SCV  
  25  3:01  Siege Tank  
  28  3:07  SCV  
  28  3:10  SCV  
  30  3:16  Barracks Tech Lab  
  30  3:19  SCV  
  31  3:21  Factory  
  31  3:22  Building Armor  
  31  3:24  SCV  
  32  3:31  SCV  
  33  3:36  SCV  
  34  3:45  SCV  
  34  3:48  Siege Tank, SCV  
  38  3:55  Barracks  
  39  3:56  Barracks  
  39  3:57  Barracks  
  39  3:58  SCV, Engineering Bay  
  39  4:01  SCV  
  41  4:06  Planetary Fortress  
  41  4:10  SCV  
  41  4:12  Factory Tech Lab  
  41  4:13  SCV  
  41  4:15  Stimpack  
  43  4:19  Missile Turret  
  43  4:21  Missile Turret  
  43  4:22  SCV  
  43  4:24  Missile Turret  
  44  4:25  SCV  
  45  4:34  SCV, Refinery x2  
  45  4:37  SCV  
  47  4:42  Siege Tank  
  50  4:45  Barracks Reactor  
  50  4:46  Barracks Reactor, Barracks Tech Lab, SCV  
  50  4:49  SCV  
  50  4:51  SCV  
  53  4:56  Terran Infantry Weapons Level 1  
  53  4:58  SCV  
  54  5:02  Terran Infantry Armor Level 1  
  54  5:12  SCV  
  55  5:15  SCV x2  
  55  5:17  Siege Tank  
  60  5:22  Sensor Tower  
  60  5:24  SCV  
  60  5:27  Combat Shields  
  61  5:29  Sensor Tower  
  61  5:34  Supply Depot  
  61  5:36  Supply Depot  
  61  5:37  Supply Depot  
  61  5:38  Supply Depot  
  61  5:48  SCV x3  
  64  5:53  Command Center  
  64  5:56  Command Center  
  64  6:00  SCV x3  
  65  6:15  Marine x2  
  65  6:16  Marine x4, Concussive Shells  
  65  6:17  Siege Tank x2  
  75  6:22  Armory  
  73  6:33  Marine x4  
  73  6:34  Marine x2  
  79  6:41  Starport  
  79  6:42  SCV x2  
  81  6:49  Siege Tank  
  81  6:51  Marine  
  85  6:54  SCV  
  86  7:01  Supply Depot x2  
  86  7:02  Supply Depot  
  86  7:04  Siege Tank, SCV  
  86  7:06  SCV  
  91  7:11  Terran Infantry Armor Level 2, Terran Infantry Weapons Level 2  
  90  7:23  Marine x2  
  90  7:24  Marine x2  
  93  7:33  Marine x2  
  93  7:36  Orbital Command  
  93  7:37  Orbital Command  
  95  7:41  Marine x3  
  95  7:43  Marine  
  99  7:44  Siege Tank x2  
  99  7:50  Marine x2, Starport Reactor, Command Center  
  107  7:52  Barracks x2  
  107  7:54  Barracks  
  107  7:55  Barracks  
  107  7:59  Marine x2  
  107  8:03  Command Center  
  109  8:09  Marine x3  
  93  8:36  SCV  
  93  8:37  SCV x3  
  93  8:40  Marine, Viking x2  
  93  8:41  Marine x5  
  104  8:42  Siege Tank x2  
  113  8:49  SCV x2  
  112  8:58  Marine x2  
  112  8:59  Marine  
  104  9:03  Marine x3  
  104  9:05  Planetary Fortress  
  104  9:07  SCV x2  
  104  9:08  SCV x2  
  111  9:10  Viking  
  111  9:16  Marine x3  
  115  9:19  SCV x2  
  115  9:20  SCV x2  
  115  9:21  Marine x3  
  109  9:31  SCV  
  109  9:32  SCV  
  109  9:34  Marine x3  
  111  9:39  Marine x3  
  111  9:42  SCV x3  
  111  9:44  Refinery, SCV x2  
  119  9:45  Refinery  
  119  9:46  Refinery  
Show
View Real Time Build Order
Export as new Build Order

Cosmostwo Protoss 

Build Orders: Nexus First 

Get SALT Encoding   

  12  0:02  Probe  
  13  0:14  Probe  
  13  0:19  Pylon  
  14  0:26  Probe  
  15  0:39  Probe (Chrono Boost)  
  16  0:48  Probe (Chrono Boost)  
  17  0:58  Nexus  
  17  1:02  Assimilator  
  17  1:06  Probe (Chrono Boost)  
  17  1:07  Assimilator  
  18  1:14  Assimilator  
  19  1:19  Probe (Chrono Boost)  
  19  1:20  Assimilator  
  19  1:26  Pylon  
  19  1:32  Gateway  
  19  1:43  Probe, Pylon  
  19  1:46  Pylon  
  20  1:55  Probe (Chrono Boost)  
  21  2:07  Probe (Chrono Boost)  
  23  2:16  Probe (Chrono Boost)  
  23  2:17  Forge  
  23  2:22  Probe (Chrono Boost)  
  23  2:25  Cybernetics Core  
  24  2:30  Probe (Chrono Boost)  
  26  2:40  Probe (Chrono Boost)  
  26  2:41  Probe (Chrono Boost)  
  27  2:45  Probe (Chrono Boost)  
  27  2:46  Probe (Chrono Boost)  
  29  2:56  Probe  
  29  2:58  Probe, Photon Cannon  
  31  3:08  Probe  
  31  3:10  Probe, Photon Cannon  
  33  3:14  Photon Cannon  
  33  3:20  Probe (Chrono Boost)  
  35  3:31  Probe (Chrono Boost)  
  35  3:32  Probe (Chrono Boost)  
  36  3:35  Protoss Shields Level 1  
  36  3:41  Probe x2 (Chrono Boost)  
  38  3:46  Protoss Air Weapons Level 1  
  38  3:48  Probe (Chrono Boost)  
  40  3:50  Probe (Chrono Boost)  
  40  3:55  Stargate  
  40  3:58  Stargate  
  40  4:01  Twilight Council  
  40  4:05  Pylon x2  
  40  4:07  Pylon  
  40  4:09  Pylon  
  40  4:17  Gateway  
  40  4:18  Gateway  
  40  4:31  Robotics Facility  
  40  4:38  Charge  
  40  4:44  Fleet Beacon  
  40  4:47  Photon Cannon x2  
  40  4:49  Photon Cannon  
  40  4:53  Photon Cannon  
  40  5:24  Protoss Air Armor Level 1  
  40  5:31  Observer  
  40  5:32  Nexus  
  40  5:34  Assimilator  
  40  5:35  Protoss Shields Level 2 (Chrono Boost)  
  41  5:36  Graviton Catapult  
  41  5:38  Assimilator  
  41  5:43  Assimilator  
  41  5:46  Assimilator  
  41  5:48  Pylon  
  41  5:52  Immortal, Pylon  
  41  5:53  Pylon  
  41  5:56  Pylon  
  45  6:18  Carrier x2  
  57  6:31  Immortal  
  60  7:11  Immortal  
  64  7:29  Zealot, Stargate  
  66  7:30  Zealot x2  
  66  7:31  Stargate  
  70  7:43  Carrier  
  70  7:44  Carrier  
  82  7:51  Probe (Chrono Boost)  
  82  7:56  Zealot  
  82  7:57  Zealot x2  
  90  8:00  Probe (Chrono Boost)  
  90  8:02  Probe (Chrono Boost)  
  91  8:09  Probe (Chrono Boost)  
  92  8:18  Probe  
  93  8:30  Probe  
  94  8:35  Pylon x2  
  94  8:37  Pylon  
  94  8:39  Pylon  
  94  8:53  Zealot x2, Nexus  
  94  8:55  Zealot  
  112  8:57  Assimilator  
  112  9:01  Assimilator  
  112  9:05  Assimilator  
  124  9:20  Zealot  
  126  9:28  Pylon x2  
  126  9:29  Pylon  
  126  9:38  Pylon  
  126  9:39  Pylon x2  
  126  9:46  Probe  
Tags
 
Add a new tag
Caveats
  • Supply blocks, unpowered buildings, or Contaminate may cause inaccurate times.
  • Supply counts are checked every 10 seconds.